[Event "Live Chess"]
[Site "Chess.com"]
[Date "2023.05.20"]
[Round "-"]
[White "LozzaLoaf"]
[Black "Jo1ts"]
[Result "1/2-1/2"]
[WhiteElo "248"]
[BlackElo "722"]
[TimeControl "300"]
[EndTime "13:23:53 PDT"]
[Termination "Game drawn by stalemate"]

1. d4 d5 2. Nf3 Nf6 3. b3 Bg4 4.
Nh4 Nc6 5. f3 Bh5 6. g4 Bg6 7. c4 dxc4 8. d5 Nxd5 9. bxc4 Nf4 10. Bxf4 Qxd1+ 11. Kxd1 O-O-O+ 12. Kc1 e5 13. g5 exf4 14.
Bh3+ Kb8 15. Rd1 Rxd1+ 16. Kxd1 Bc5 17. Nc3 Bd4 18. Kd2 Rd8 19. Nb5 Bxa1+ 20. Ke1 a6 21. Na3 Bb2 22. Nc2 Bc3+ 23. Kf2 Nd4 24. e3 Nxc2 25.
exf4 Re8 26. Nxg6 hxg6 27. f5 gxf5 28. Bxf5 Bd4+ 29. Kg3 g6 30. Be4 Ne3 31. f4 Rxe4 32. f5 Nxf5+ 33. Kf3 Re3+ 34. Kf4 Re6 35. h4 Nxh4 36. Kg4 Nf5 37. Kf4 Re2 38. Kf3 Rxa2 39. Ke4 Rc2 40. Kd5 Rg2 41. c5 Rxg5 42. c6 bxc6+ 43.
Kxc6 Ba7 44. Kd7 Ne3 45. Ke7 Rf5 46. Kf8 g5 47. Kg7 g4 48. Kh6 g3 49. Kg7 g2 50.
Kf8 g1=Q 51. Ke7 Nd5+ 52. Kd7 Qe3 53. Kc6 Nb6 1/2-1/2

[Event "Live Chess"]
[Site "Chess.com"]
[Date "2023.05.20"]
[Round "-"]
[White "OceanFloater"]
[Black "onemoretime1975"]
[Result "0-1"]
[WhiteElo "997"]
[BlackElo "1862"]
[TimeControl "300"]
[EndTime "13:23:53 PDT"]
[Termination "onemoretime1975 won by resignation"]

1. e4 e6 2. Nf3 d5 3. exd5 exd5 4. d4 Nf6 5. Nc3 c6 6. Bg5 Be7 7. g3 O-O 8. Bh3 Bxh3 9. Ne5 Nbd7 10. Nxd7 Qxd7 11. Bxf6 Bxf6 12. Qh5 Rfe8+ 13. Ne2 Bg4 0-1

[Event "Live Chess"]
[Site "Chess.com"]
[Date "2023.05.20"]
[Round "-"]
[White "GMHarry-youtube"]
[Black "EdvancedChess"]
[Result "0-1"]
[WhiteElo "2083"]
[BlackElo "1883"]
[TimeControl "300"]
[EndTime "13:23:55 PDT"]
[Termination "EdvancedChess won by checkmate"]

1. e4 e5 2. Nf3 Nc6 3. Bc4 Nf6 4. d3 Bc5 5. c3 O-O 6. O-O d6 7. a4 a6 8. h3 h6 9. Bd2 Qe7 10. Na3 Be6 11. b4 Ba7 12. Qc1 d5 13. exd5 Nxd5 14.
Qc2 Rad8 15. Rfe1 f6 16. Qb3 Rfe8 17. Nc2 Nb6 18. a5 Nxc4 19. dxc4 e4 20. Rxe4 Qd6 21. Bf4 Qd3 22. Rae1 Bf7 23. Rxe8+ Rxe8 24. Rxe8+ Bxe8 25. Ncd4 Nxd4 26. Nxd4 Bxd4 27. c5+ Bf7 28. Qa4 Qxc3 29. Bxc7 Qc1+ 30. Kh2 Bxf2 31. h4 Bg1+ 32. Kh3 Qe3+ 33. Kg4 h5+ 34. Kf5 Be6+ 35. Kg6 Qe4+ 36. Kxh5 g6+ 37. Kh6 Be3+ 38. Bf4 Bxf4# 0-1

[Event "Live Chess"]
[Site "Chess.com"]
[Date "2023.05.20"]
[Round "-"]
[White "SiDebanks"]
[Black "EdenHazard8"]
[Result "0-1"]
[WhiteElo "1372"]
[BlackElo "2091"]
[TimeControl "300"]
[EndTime "13:24:04 PDT"]
[Termination "EdenHazard8 won by resignation"]

1. d4 e5 2. dxe5 Nc6 3. Nf3 Qe7 4.
e4 Nxe5 5. Be2 Nxf3+ 6. Bxf3 Nf6 7. O-O d6 8. Nc3 Be6 9. Re1 O-O-O 10. Bg5 h6 11.
Bh4 g5 12. Bg3 Bg7 13. Qd4 Kb8 14. Qb4 Nd7 15. e5 Nb6 16. exd6 cxd6 17. Nd5 Nxd5 18. Bxd5 Qd7 19. Bxd6+ Ka8 20. Bxe6 fxe6 21. Bc5 Qc6 22. Qa5 b6 23. Bxb6 Qxb6 24. Qxb6 axb6 25. Rxe6 Bxb2 26.
Rb1 Rd2 27. Rxb6 Bd4 28. Ra6+ Ba7 29. g3 Rxc2 30. Re1 Kb7 31. Ra3 Bxf2+ 32. Kf1 Bxe1 33.
Kxe1 Re8+ 34. Kd1 Rxh2 35. Rb3+ Kc6 36. Rc3+ Kd5 37. Rd3+ Kc4 0-1

[Event "Live Chess"]
[Site "Chess.com"]
[Date "2023.05.20"]
[Round "-"]
[White "omisoc"]
[Black "Pablo_dmp"]
[Result "1-0"]
[WhiteElo "2163"]
[BlackElo "1884"]
[TimeControl "300"]
[EndTime "13:24:06 PDT"]
[Termination "omisoc won by resignation"]

1. Nf3 Nf6 2. b3 d5 3. e3 e6 4. Bb2 Be7 5. d4 b6 6. Be2 Ba6 7. Bxa6 Nxa6 8. O-O O-O 9. Nbd2 c5 10. c4 Nb4 11.
Qe2 Rc8 12. Rfd1 Qc7 13. a3 Nc6 14. cxd5 exd5 15. Rac1 Rfd8 16. Qa6 Qb8 17. dxc5 bxc5 18. b4 cxb4 19. Rxc6 bxa3 20. Bd4 Rxc6 21. Qxc6 Rc8 22. Qa4 Qc7 23. h3 h5 24. Ne1 Nd7 25. Nb1 Nb6 26.
Bxb6 axb6 27. Nxa3 Qc3 28. Nb5 Qf6 29. Nd4 Bc5 30.
Nef3 Re8 31. Qxe8+ 1-0

[Event "Live Chess"]
[Site "Chess.com"]
[Date "2023.05.20"]
[Round "-"]
[White "Hoogleboogle"]
[Black "Ian-Morley"]
[Result "1-0"]
[WhiteElo "1395"]
[BlackElo "971"]
[TimeControl "300"]
[EndTime "13:24:10 PDT"]
[Termination "Hoogleboogle won by resignation"]

1. d4 e5 2. d5 Nc6 3. c4 Nd4 4. e3 Nf5 5. Bd3 Bb4+ 6. Bd2 Bxd2+ 7. Nxd2 Nd6 8. Ne4 Nxe4 9. Bxe4 d6 10. Nf3 Bg4 11. h3 Bxf3 12. Qxf3 Qf6 13. Qg4 Qg6 14. Qxg6 fxg6 15. f4 Nf6 16. Bc2 exf4 17. exf4 O-O 18. O-O-O Rae8 19. Rhe1 Rxe1 20. Rxe1 Re8 21. Rxe8+ Nxe8 22.
f5 Nf6 23. fxg6 hxg6 24. Bxg6 c6 25. dxc6 bxc6 26. Kd2 d5 27. c5 Ne4+ 28. Bxe4 dxe4 29. Ke3 Kf7 30. Kxe4 Ke6 31. g4 g6 32. h4 a5 33. a4 g5 34. h5 Kf7 35. Ke5 Kg7 36.
Kd6 1-0

[Event "Live Chess"]
[Site "Chess.com"]
[Date "2023.05.20"]
[Round "-"]
[White "Conradical12"]
[Black "manthanit"]
[Result "1-0"]
[WhiteElo "1580"]
[BlackElo "1008"]
[TimeControl "300"]
[EndTime "13:24:13 PDT"]
[Termination "Conradical12 won on time"]

1. e4 e6 2. d4 d5 3. exd5 exd5 4. Bf4 a6 5. Nf3 c5 6. c4 Be6 7. Qb3 Nf6 8. Nbd2 dxc4 9. Bxc4 Bxc4 10. Qxc4 b5 11.
Qe2+ Be7 12. O-O-O O-O 13. h4 cxd4 14. Kb1 Bc5 15. h5 Ng4 16. h6 d3 17. Qe4 Nxf2 18.
Qxa8 Nxd1 19. hxg7 Kxg7 20. Rxd1 Kg8 21. Bh6 Re8 22.
Ne4 Bb4 23. a3 Ba5 24. Nd4 Qxd4 25. Qb7 d2 26. Ng5 Qd3+ 27. Ka1 Qg6 28. Qd5 Rd8 29. Qe5 Nc6 30. Qf4 Ne7 31. Qh4 Nf5 32. Qg4 Nxh6 33. Qh4 Nf5 34. Qe4 Rd4 35. Qe8+ 1-0

[Event "Live Chess"]
[Site "Chess.com"]
[Date "2023.05.20"]
[Round "-"]
[White "jk0110"]
[Black "Iggle-Piggle"]
[Result "1-0"]
[WhiteElo "1091"]
[BlackElo "1219"]
[TimeControl "300"]
[EndTime "13:24:22 PDT"]
[Termination "jk0110 won by checkmate"]

1. e4 e6 2. d4 d5 3. Nc3 Nf6 4. e5 Nfd7 5. Nf3 c5 6. dxc5 Bxc5 7. Bd3 a6 8. Na4 Ba7 9. Qe2 O-O 10. Bxh7+ Kxh7 11. Ng5+ Kg6 12. h4 Rh8 13. h5+ Kf5 14. Qf3+ Kxe5 15. Qf4# 1-0

[Event "Live Chess"]
[Site "Chess.com"]
[Date "2023.05.20"]
[Round "-"]
[White "YrrriKharkiv"]
[Black "Woodpusher500"]
[Result "1-0"]
[WhiteElo "2037"]
[BlackElo "1252"]
[TimeControl "300"]
[EndTime "13:24:26 PDT"]
[Termination "YrrriKharkiv won on time"]

1. d4 c5 2. Nf3 cxd4 3. e3 dxe3 4. Bxe3 Nc6 5. c4 Nf6 6. Nc3 e6 7. h3 Bb4 8. Bd2 O-O 9. Be2 d5 10. O-O b6 11. cxd5 Nxd5 12. Qb3 Bxc3 13. bxc3 Bb7 14.
Rfd1 Qf6 15. Rac1 Rad8 16. Bg5 Qg6 17. Bxd8 Rxd8 18. Qc2 Qf6 19. c4 Nf4 20. Rxd8+ Nxd8 21. Qd2 Ng6 22. c5 Nf4 23. cxb6 axb6 24. Rd1 Nc6 25. Bb5 h6 26. Bxc6 Bxc6 27. Qd8+ Kh7 28. Qxf6 gxf6 29. Nd4 Bxg2 30. Rb1 Bxh3 31. Rxb6 Bf5 32. Nxf5 exf5 33. a4 1-0

[Event "Live Chess"]
[Site "Chess.com"]
[Date "2023.05.20"]
[Round "-"]
[White "Fazer180"]
[Black "Enhard"]
[Result "1-0"]
[WhiteElo "1750"]
[BlackElo "1465"]
[TimeControl "300"]
[EndTime "13:24:28 PDT"]
[Termination "Fazer180 won by resignation"]

1. e4 c6 2. d4 d5 3. Nc3 dxe4 4. Nxe4 Bf5 5. Ng3 Bg6 6. h4 h6 7. h5 Bh7 8. Bd3 Bxd3 9. Qxd3 Nd7 10. Nf3 Ngf6 11.
c4 e6 12. O-O Be7 13. Bf4 a6 14. Qb3 b5 15. Rac1 O-O 16. a4 Nb6 17. axb5 axb5 18. cxb5 cxb5 19. Qxb5 Nbd5 20. Be5 Bd6 21. Bxd6 Qxd6 22.
Rc6 Qb4 23. Qxb4 Nxb4 24. Rc4 Nbd5 25. Rfc1 Rab8 26. Rb1 Rb3 27. Nd2 Rb5 28. Nde4 Nxe4 29. Nxe4 Rfb8 30. Rc2 Rb4 31. Rd2 Rb3 32. Nc5 R3b5 33.
g3 Kh7 34. Kg2 g6 35. hxg6+ Kxg6 36. Nd7 R8b7 37. Ne5+ Kg7 38. Kf3 Rb3+ 39. Rd3 Rxb2 40. Rxb2 Rxb2 41. Ra3 Rb7 42. Ra6 Ne7 43. Nc6 Nf5 44.
Ke4 Rb4 45. Ra7 Rc4 46. Ra6 Nd6+ 47. Kd3 Rc1 48. Kd2 Rf1 49. Ke2 Rb1 50. Ra7 Nf5 51. Kd3 Rd1+ 52. Ke4 Rf1 53. Kf3 Nxd4+ 54. Nxd4 1-0

[Event "Live Chess"]
[Site "Chess.com"]
[Date "2023.05.20"]
[Round "-"]
[White "LL220284LL"]
[Black "KeithArkell"]
[Result "1/2-1/2"]
[WhiteElo "2397"]
[BlackElo "2609"]
[TimeControl "300"]
[EndTime "13:24:34 PDT"]
[Termination "Game drawn - insufficient material"]

1. e4 c6 2. Nf3 d5 3. d3 Bg4 4. Be2 Nd7 5. O-O Ngf6 6. Nbd2 e6 7. c3 Be7 8. Re1 O-O 9. h3 Bxf3 10. Bxf3 Qc7 11.
exd5 cxd5 12. d4 Rfe8 13. Nf1 Bd6 14. g4 Bf4 15. g5 Bxc1 16. Qxc1 Ne4 17. Bxe4 dxe4 18. Ng3 e5 19. Rxe4 exd4 20. Rxd4 Ne5 21. Qf4 Qc6 22. Kf1 Nf3 23. Rd6 Qc7 24. Rad1 Ne5 25.
Nf5 Re6 26. Rxe6 fxe6 27. Nd4 Qc4+ 28. Kg1 Ng6 29. Qe3 e5 30. Nb3 Rf8 31. Rd7 b6 32. Qd3 Qf4 33. Qe3 Qf5 34. Rd5 Nf4 35. Rxe5 Nxh3+ 36. Kh2 Nxf2 37. Rxf5 Ng4+ 38. Kg3 Nxe3 39. Rxf8+ Kxf8 40. Nc1 Kf7 41. Kf3 Nc4 42. b3 Nd6 43. Nd3 Kg6 44.
Kf4 Nf7 45. c4 Nxg5 46. Ne5+ Kh5 47. Nc6 a5 48. Ne5 Ne6+ 49. Kg3 Nc5 50. Nc6 Kg5 51. Nd4 h5 52. a3 Kf6 53. b4 axb4 54. axb4 Ne6 55.
Ne2 g5 56. Nc3 h4+ 57. Kg4 Ke5 58. Nd1 Kd4 59. c5 bxc5 60. bxc5 Kxc5 61. Ne3 Kd4 62. Nf5+ Ke5 63. Nxh4 Nd4 64. Kxg5 1/2-1/2

[Event "Live Chess"]
[Site "Chess.com"]
[Date "2023.05.20"]
[Round "-"]
[White "Jonmill"]
[Black "Long1968"]
[Result "1-0"]
[WhiteElo "1246"]
[BlackElo "1090"]
[TimeControl "300"]
[EndTime "13:24:38 PDT"]
[Termination "Jonmill won on time"]

1. e4 e6 2. Nc3 b6 3. d4 Bb7 4. f4 c5 5. Nf3 d5 6. exd5 exd5 7. Bb5+ Bc6 8. Qe2+ Be7 9. Ne5 Bxb5 10.
Nxb5 a6 11. Qh5 g6 12. Nxg6 fxg6 13. Qe5 Nf6 14. Nc7+ Kf7 15. Qe6+ Kg7 16. Nxa8 Bd6 17. O-O Re8 18. Qh3 Nc6 19. Nxb6 Qxb6 20. f5 cxd4 21. Bh6+ Kf7 22. fxg6+ hxg6 23. Qd7+ Ne7 24. Bg5 1-0

[Event "Live Chess"]
[Site "Chess.com"]
[Date "2023.05.20"]
[Round "-"]
[White "chessfiction"]
[Black "VovaOvchar1990"]
[Result "1-0"]
[WhiteElo "2429"]
[BlackElo "1213"]
[TimeControl "300"]
[EndTime "13:24:42 PDT"]
[Termination "chessfiction won on time"]

1. e4 e5 2. Bc4 Bc5 3. Qf3 Nf6 4. c3 O-O 5. Ne2 h6 6. d4 exd4 7. cxd4 Bb4+ 8. Nbc3 d6 9. h3 c5 10. Be3 Bd7 11.
O-O-O b5 12. Bd5 Nxd5 13. Nxd5 Be6 14. Nef4 cxd4 15. Bxd4 Na6 16. Nxe6 fxe6 17. Qg4 Qg5+ 18. Qxg5 hxg5 19. Ne3 e5 20. Bc3 Bc5 21. Nf5 Rad8 22. h4 g6 23. Ne7+ Kg7 24. hxg5 Rxf2 25. Rh6 Rxg2 26.
Rxg6+ Kf7 27. Bxe5 Kxe7 28. Bf6+ Kf7 29. Rg7+ Kf8 30.
Rh1 Be3+ 31. Kb1 Rg1+ 32. Rxg1 Bxg1 33. Rxa7 Nc5 34. Bxd8 Nxe4 35. Rb7 Ke8 36. Bf6 Nxf6 37. gxf6 Bh2 38. f7+ Kf8 39. Kc2 Be5 40. Kd3 b4 41. Ke4 b3 42. a4 Bxb2 43. Kf5 Be5 44. Ke6 b2 45. Rb8+ Kg7 46. f8=Q+ Kg6 47. Qg8+ 1-0

[Event "Live Chess"]
[Site "Chess.com"]
[Date "2023.05.20"]
[Round "-"]
[White "diana21strabt"]
[Black "GEMdzq"]
[Result "0-1"]
[WhiteElo "1682"]
[BlackElo "2257"]
[TimeControl "300"]
[EndTime "13:24:47 PDT"]
[Termination "GEMdzq won by resignation"]

1. e4 d6 2. Nf3 Nf6 3. Nc3 g6 4.
d4 Bg7 5. Bd3 c6 6. h3 b5 7. a4 b4 8. Ne2 a5 9. e5 Nd5 10. c4 bxc3 11. Nxc3 O-O 12. Nxd5 cxd5 13. O-O Nc6 14. Be3 dxe5 15. dxe5 Nxe5 16. Nxe5 Bxe5 17.
Qb3 Be6 18. Bb6 Qd6 19. Rfe1 Rfb8 20. Qa3 Rxb6 21. Qxd6 Bxd6 22. Bb5 Rc8 23. Rac1 Rxc1 24. Rxc1 Kg7 25. Kf1 Be5 26. Ke2 Bxb2 27. Rb1 Bd4 28. g4 h5 29. Kd3 Bxf2 0-1

[Event "Live Chess"]
[Site "Chess.com"]
[Date "2023.05.20"]
[Round "-"]
[White "BostonStrangler"]
[Black "FlyingChessKestrel13"]
[Result "1/2-1/2"]
[WhiteElo "2046"]
[BlackElo "2121"]
[TimeControl "300"]
[EndTime "13:24:48 PDT"]
[Termination "Game drawn by stalemate"]

1. Nf3 d5 2. c4 d4 3. g3 c5 4. b4 cxb4 5. a3 bxa3 6. Bxa3 e6 7. Bg2 Bxa3 8. Qa4+ Nc6 9. Qxa3 Nf6 10. d3 Bd7 11. O-O e5 12. Nbd2 Qe7 13. Rfb1 Qxa3 14. Rxa3 Bc8 15.
Ng5 O-O 16. Nge4 Nxe4 17. Nxe4 Rb8 18. Nd6 Rd8 19. c5 a5 20. Bd5 Be6 21. Bxe6 fxe6 22. Rxb7 Rxb7 23. Nxb7 Rd5 24. Nxa5 Rxc5 25. Nc4 e4 26.
Ra8+ Kf7 27. Rc8 exd3 28. exd3 Ke7 29. Rc7+ Kd8 30. Rxg7 Nb4 31. Rg4 e5 32. f4 Nxd3 33. Nxe5 Rc1+ 34. Kg2 Ne1+ 35. Kh3 d3 36. f5 Nc2 37.
Nxd3 Rf1 38. Rf4 Rd1 39. f6 Ke8 40. f7+ Kf8 41. Nc5 Rd6 42. Rf2 Ne3 43. Rf3 Nd5 44.
Kh4 h6 45. g4 Nf6 46. Rxf6 Rxf6 47. Nd7+ Kxf7 48. Nxf6 Kxf6 49. Kh5 Kg7 50. h4 Kh7 51. g5 hxg5 52. hxg5 Kg7 53. g6 Kg8 54. Kg5 Kg7 55. Kf5 Kg8 56. Kf6 Kf8 57. g7+ Kg8 58. Kg6 1/2-1/2

[Event "Live Chess"]
[Site "Chess.com"]
[Date "2023.05.20"]
[Round "-"]
[White "hturner40"]
[Black "raminguy"]
[Result "0-1"]
[WhiteElo "1762"]
[BlackElo "1972"]
[TimeControl "300"]
[EndTime "13:24:54 PDT"]
[Termination "raminguy won by resignation"]

1. Nc3 Nf6 2. d4 d5 3. Bg5 e6 4. e4 Be7 5. e5 Nfd7 6. h4 h6 7.
Bxe7 Qxe7 8. Qg4 Rg8 9. Bd3 Kf8 10. Rh3 c5 11. f4 c4 12. Be2 Qb4 13. O-O-O Nc6 14.
f5 exf5 15. Qxf5 Ndxe5 16. Qh5 Bxh3 17. Nxh3 Ng6 18. Qxd5 Rd8 19. Qxc4 Qxc4 20. Bxc4 Rxd4 21. Bd3 Nxh4 22. Nb5 Rd7 23. Nf4 a6 24. Nc3 Nb4 25.
Rf1 Nxd3+ 26. cxd3 Ke8 27. Re1+ Kd8 28. Re4 Nf5 29.
Nfd5 Re8 30. Rf4 Re5 31. g4 Rexd5 32. Nxd5 Rxd5 33. Rxf5 Rxf5 34. gxf5 Ke7 35. Kd2 Kf6 36. Ke3 Kxf5 37. Kd4 Ke6 38. Kc5 Kd7 0-1

[Event "Live Chess"]
[Site "Chess.com"]
[Date "2023.05.20"]
[Round "-"]
[White "fso"]
[Black "toog"]
[Result "0-1"]
[WhiteElo "2261"]
[BlackElo "2616"]
[TimeControl "300"]
[EndTime "13:24:57 PDT"]
[Termination "toog won by resignation"]

1. e4 e5 2. Nf3 d6 3. d4 exd4 4. Nxd4 Nf6 5. Nc3 Be7 6. Be2 O-O 7. O-O Re8 8. Kh1 Bf8 9. f4 Nxe4 10. Nxe4 Rxe4 11.
Bd3 Rxd4 12. Bxh7+ Kxh7 13. Qxd4 Nc6 14. Qd3+ g6 15.
f5 Bxf5 16. Rxf5 gxf5 17. Qxf5+ Kg8 18. Bg5 Qc8 19. Qf4 Qe6 20. Rf1 Ne5 21. h3 Bg7 22.
b3 Re8 23. c4 Ng6 24. Qg3 Be5 25. Qf3 Kg7 26. h4 c6 27. h5 Rh8 28. g4 Nf8 29. Kg2 Nh7 30. Bh4 Bf6 31. h6+ Kg6 32. Qd3+ Kxh6 33.
Bxf6 Nxf6 34. Qd2+ Kg6 35. Qd3+ Kg7 36. g5 Qe4+ 37.
Qxe4 Nxe4 0-1

[Event "Live Chess"]
[Site "Chess.com"]
[Date "2023.05.20"]
[Round "-"]
[White "HoarseyHorsey"]
[Black "reshmiramachandran"]
[Result "1-0"]
[WhiteElo "1404"]
[BlackElo "507"]
[TimeControl "300"]
[EndTime "13:25:04 PDT"]
[Termination "HoarseyHorsey won by checkmate"]

1. d4 d5 2. c4 e6 3. Nc3 Nc6 4.
Nf3 Nf6 5. cxd5 exd5 6. Bg5 Be7 7. e3 Bg4 8. h3 Bxf3 9. Qxf3 h6 10. Bh4 O-O 11. a3 Nh7 12. Bxe7 Qxe7 13. Bd3 Ng5 14. Qf5 Rad8 15. h4 g6 16. Qg4 Ne6 17. h5 g5 18. Qf5 f6 19. Nxd5 Qg7 20. Qxe6+ Kh8 21. Qf5 Rfe8 22. Nxf6 Rf8 23. Qh7+ Qxh7 24. Nxh7 Rf7 25. Rc1 Rxh7 26. Bxh7 Kxh7 27. Rc5 Rd6 28. Ke2 b6 29. Rc3 Na5 30. Rxc7+ Kg8 31. Rhc1 Rd8 32.
Rc8 Rxc8 33. Rxc8+ Kf7 34. Rc7+ Ke6 35. Rxa7 Nc4 36. b3 Na5 37. b4 Nc6 38. Ra6 Nb8 39.
Rxb6+ Kd7 40. Rxb8 Kc7 41. Rh8 Kd7 42. Rxh6 Ke7 43. Rg6 Kf7 44. Rxg5 Ke6 45. Re5+ Kf6 46. b5 Kf7 47. b6 Kf8 48. b7 Kf7 49. b8=Q Kf6 50.
Qd6+ Kf7 51. Re7+ Kf8 52. Qd8# 1-0

[Event "Live Chess"]
[Site "Chess.com"]
[Date "2023.05.20"]
[Round "-"]
[White "gmnorfolk"]
[Black "friarnator"]
[Result "1-0"]
[WhiteElo "2082"]
[BlackElo "1979"]
[TimeControl "300"]
[EndTime "13:25:12 PDT"]
[Termination "gmnorfolk won by resignation"]

1. d4 Nf6 2. c4 e5 3. dxe5 Ng4 4. e4 Nxe5 5. f4 Nec6 6. Nf3 Bb4+ 7. Bd2 Na6 8. a3 Bxd2+ 9. Nbxd2 Qe7 10. b4 Nab8 11. Bd3 d6 12. O-O O-O 13. Qc2 h6 14. Rae1 Bg4 15. h3 Bxf3 16. Nxf3 Nd7 17. b5 Nd8 18. Nd4 Nc5 19. Nf5 Qd7 20. Qc3 Nde6 21. Bc2 a6 22. a4 axb5 23. axb5 b6 24. Rd1 Na4 25. Qg3 Kh8 26.
e5 Rfd8 27. exd6 cxd6 28. Nxd6 Qc7 29. f5 Qc5+ 30. Kh1 Rxd6 31. Rxd6 Nd4 32. f6 gxf6 33. Rdxf6 Qg5 34. Qxg5 hxg5 35. Be4 Rc8 36. Bd5 Ne2 37. Kh2 Nf4 38. Rxf7 Nxd5 39. cxd5 Rc5 40. Rb7 Rxd5 1-0

[Event "Live Chess"]
[Site "Chess.com"]
[Date "2023.05.20"]
[Round "-"]
[White "Greenbecker"]
[Black "birdseed45"]
[Result "1/2-1/2"]
[WhiteElo "1629"]
[BlackElo "1874"]
[TimeControl "300"]
[EndTime "13:25:32 PDT"]
[Termination "Game drawn by repetition"]

1. e4 c5 2. Nf3 Nc6 3. d4 cxd4 4. Nxd4 e5 5. Nxc6 bxc6 6. Bc4 Ba6 7. Bxa6 Qa5+ 8. Nc3 Qxa6 9. Qe2 Qb6 10. O-O Nf6 11. b3 Bb4 12. Na4 Qc7 13. Be3 d6 14. c3 Ba5 15. b4 Bb6 16. Nxb6 axb6 17. f3 O-O 18.
Rfd1 Ra3 19. Qd2 d5 20. exd5 cxd5 21. Bg5 Rxc3 22. Bxf6 gxf6 23. Qxd5 Rc2 24. Qd6 Qc3 25. Qxf6 Qe3+ 26. Kh1 Qf2 27. Qg5+ Kh8 28. Qf6+ Kg8 29.
Qg5+ Kh8 30. Qf6+ Kg8 1/2-1/2

[Event "Live Chess"]
[Site "Chess.com"]
[Date "2023.05.20"]
[Round "-"]
[White "PiotrD11"]
[Black "Bill0007"]
[Result "1-0"]
[WhiteElo "1370"]
[BlackElo "1490"]
[TimeControl "300"]
[EndTime "13:25:44 PDT"]
[Termination "PiotrD11 won on time"]

1. e4 d5 2. exd5 Nf6 3. d4 Nxd5 4. c4 Nf6 5. Nc3 Nc6 6. d5 Ne5 7. Bf4 Ng6 8. Bg3 Bd7 9. Nf3 c6 10. Bd3 cxd5 11. cxd5 e6 12. O-O exd5 13. Re1+ Be7 14. Bd6 Be6 15. Bxg6 hxg6 16. Bxe7 Qxe7 17. Ng5 Qd6 18.
Nb5 Qxh2+ 19. Kf1 Qh1+ 20. Ke2 Qh5+ 21. Nf3 Rc8 22. Nd6+ Kd7 23. Nxc8 Rxc8 24. Qa4+ Kd8 25. Kf1 Qh1+ 26. Ng1 d4 27. Qxd4+ Nd7 28. Qxg7 Bc4+ 29.
Re2 Bxe2+ 30. Kxe2 Qxg2 31. Qh8+ Ke7 32. Qxc8 Qe4+ 33.
Kd2 Qd4+ 34. Kc2 Qxf2+ 35. Kb3 Qe3+ 36. Qc3 Qe6+ 37. Kc2 Qf5+ 38. Qd3 1-0

[Event "Live Chess"]
[Site "Chess.com"]
[Date "2023.05.20"]
[Round "-"]
[White "weibs440"]
[Black "Nazar_777"]
[Result "0-1"]
[WhiteElo "929"]
[BlackElo "1579"]
[TimeControl "300"]
[EndTime "13:25:49 PDT"]
[Termination "Nazar_777 won by resignation"]

1. e4 e6 2. d4 a6 3. Nd2 h5 4. f4 c5 5. Ngf3 cxd4 6. Nxd4 Nc6 7. N2b3 Nf6 8. Bd3 Qb6 9. Be3 Bc5 10. Nxc5 Qxc5 11. Qe2 Nxd4 12. c3 Nxe2 13. Bxc5 Nxf4 14. Bf1 Nxe4 15. Be3 Nd5 16. Bd4 b5 17. O-O-O Rg8 18. Re1 Nd6 19. g3 Nc4 20. Bg2 Bb7 21. Rhf1 Rb8 22.
Bc5 Bc6 23. b3 Nxc3 24. bxc4 bxc4 25. Kc2 Bxg2 26. Rg1 Ne4 27. Rxg2 Nxc5 0-1

[Event "Live Chess"]
[Site "Chess.com"]
[Date "2023.05.20"]
[Round "-"]
[White "chrisbradgate"]
[Black "whitedjohn"]
[Result "0-1"]
[WhiteElo "848"]
[BlackElo "1651"]
[TimeControl "300"]
[EndTime "13:25:58 PDT"]
[Termination "whitedjohn won by checkmate"]

1. d4 Nf6 2. Bf4 d5 3. e3 c5 4. c3 Nc6 5. Bb5 Qb6 6. a4 a6 7. Bxc6+ bxc6 8. b3 cxd4 9. exd4 Bf5 10. Nd2 e6 11.
Be5 Be7 12. h3 O-O 13. Ngf3 Rac8 14. O-O c5 15. g4 Bg6 16. Nh4 Bd3 17. Re1 cxd4 18.
cxd4 Ne4 19. Nxe4 Bxe4 20. f3 Bxh4 21. fxe4 Bxe1 22. Qxe1 dxe4 23. Qh4 f6 24. Bf4 Qxd4+ 25. Kg2 Qxa1 26. g5 Rc2+ 27. Kg3 Qc3+ 28. Kg4 f5+ 29. Kh5 g6+ 30. Kh6 Qg7# 0-1

[Event "Live Chess"]
[Site "Chess.com"]
[Date "2023.05.20"]
[Round "-"]
[White "1600x"]
[Black "Duke_of_Bebington"]
[Result "1-0"]
[WhiteElo "1783"]
[BlackElo "1583"]
[TimeControl "300"]
[EndTime "13:26:03 PDT"]
[Termination "1600x won by resignation"]

1. e4 e5 2. Nc3 Nf6 3. d4 d6 4.
d5 c6 5. Nge2 cxd5 6. exd5 Na6 7.
Ng3 Nc5 8. Be2 Be7 9. Bf3 b6 10.
b4 Na6 11. a3 Bb7 12. Nb5 Nc7 13. Nc3 O-O 14. Nf5 Rc8 15. O-O Re8 16. Re1 Bf8 17. Bg5 g6 18. Nh4 Bg7 19. Qd2 Qd7 20. Rad1 Kh8 21. a4 b5 22. Nxb5 Nxb5 23. axb5 Qxb5 24. Rb1 Nxd5 25. c4 Rxc4 26. Be2 Qc6 27. Bxc4 Qxc4 28. Rec1 Qe4 29. Qa2 h6 30. Qxa7 Bc8 31.
Qxf7 Rf8 32. Nxg6+ Kh7 33. Nxf8+ 1-0

[Event "Live Chess"]
[Site "Chess.com"]
[Date "2023.05.20"]
[Round "-"]
[White "luckywookie"]
[Black "Supertromp"]
[Result "0-1"]
[WhiteElo "744"]
[BlackElo "2201"]
[TimeControl "300"]
[EndTime "13:26:07 PDT"]
[Termination "Supertromp won by checkmate"]

1. e4 c5 2. c3 Nf6 3. e5 Nd5 4. Nf3 Nc6 5. Bc4 Nb6 6. Bb3 d5 7. d4 cxd4 8. cxd4 Bg4 9. Nbd2 Nxd4 10. Ba4+ Nc6 11. Qc2 Bxf3 12. Nxf3 Nxa4 13. Qxa4 e6 14. O-O Bc5 15. Be3 Bxe3 16. fxe3 O-O 17. Qg4 Qb6 18.
Nd4 Nxe5 19. Qh3 Nc6 20. Rf2 Nxd4 21. exd4 Qxd4 22. Rf1 Rac8 23. Kh1 Qxf2 24. Rxf2 Rc1+ 25. Rf1 Rxf1# 0-1

[Event "Live Chess"]
[Site "Chess.com"]
[Date "2023.05.20"]
[Round "-"]
[White "mightysmasher"]
[Black "Richardallis"]
[Result "1-0"]
[WhiteElo "2112"]
[BlackElo "1860"]
[TimeControl "300"]
[EndTime "13:26:08 PDT"]
[Termination "mightysmasher won by resignation"]

1. e4 d5 2. exd5 Nf6 3. c4 c6 4. dxc6 Nxc6 5. Nf3 e5 6. d3 Bc5 7. Be2 Bg4 8. O-O O-O 9. Nc3 h6 10. h3 Bh5 11. Be3 Bb4 12. Ne4 Nxe4 13. dxe4 Bg6 14. Qc2 Re8 15. Rfd1 Qc7 16. a3 Be7 17. b4 Rad8 18. Rd5 f6 19. Rad1 Rd6 20. Rxd6 Bxd6 21. c5 Bf8 22. Bc4+ Kh7 23. Bd5 Ne7 24. Qb3 Rd8 25. b5 Nxd5 26. Rxd5 Bxe4 27. Rxd8 Qxd8 28. Qf7 Qe7 29. Qc4 Bxf3 30. gxf3 Qc7 31. a4 b6 32. c6 Bd6 33. Qe6 Kg6 34. Kg2 Kh7 35. h4 h5 36. Qf5+ Kg8 37. Qxh5 Qf7 38. Qf5 Qc7 39. h5 Kf8 40. h6 gxh6 41. Bxh6+ Ke7 42. Qh7+ Ke6 43.
Qg8+ Qf7 44. Qg4+ f5 45. Qg5 Be7 46. Qd2 Qg6+ 47. Kf1 Bd6 48. Qa2+ Ke7 49. Be3 f4 50. Bd2 Qd3+ 51. Ke1 Qg6 52. Qd5 Qe6 53. Qe4 Qf7 54. Ke2 Kd8 55. a5 Kc7 56. axb6+ axb6 57. Qa4 Kb8 58. Qe4 Kc7 59. Ke1 Qg7 60. Qa4 Kb8 61.
Bb4 Qe7 62. Bxd6+ Qxd6 63. Qc4 Qe7 64. Ke2 Qa3 65. Qg8+ Kc7 66. Qf7+ Kd6 67. Qf8+ Kd5 68.
Qxa3 1-0

[Event "Live Chess"]
[Site "Chess.com"]
[Date "2023.05.20"]
[Round "-"]
[White "TheSmoulderingMaster"]
[Black "ProfPoisson"]
[Result "0-1"]
[WhiteElo "1729"]
[BlackElo "1097"]
[TimeControl "300"]
[EndTime "13:26:08 PDT"]
[Termination "ProfPoisson won by resignation"]

1. e4 e5 2. Nf3 Nf6 3. Nxe5 Nxe4 4. Qe2 Qe7 5. Qxe4 d6 6. d4 dxe5 7. dxe5 Nc6 8. Bf4 g5 9. Bg3 f5 10. Qa4 f4 11. Be2 Qb4+ 12. Qxb4 Nxb4 13. Na3 fxg3 14.
hxg3 Bf5 15. O-O-O Nxa2+ 16. Kb1 Bxa3 17. bxa3 Nc3+ 18. Kb2 Nxd1+ 19. Rxd1 Rd8 20. Rh1 Rd2 21. Bf3 Rxc2+ 22. Kb3 O-O 23. Bxb7 Rb8 24. g4 Rxb7+ 0-1

[Event "Live Chess"]
[Site "Chess.com"]
[Date "2023.05.20"]
[Round "-"]
[White "Stanbad1"]
[Black "JoshMcK"]
[Result "1-0"]
[WhiteElo "2422"]
[BlackElo "1582"]
[TimeControl "300"]
[EndTime "13:26:13 PDT"]
[Termination "Stanbad1 won by resignation"]

1. d4 Nf6 2. Bg5 e6 3. Nd2 Be7 4. e3 O-O 5. Ngf3 Nd5 6. Bxe7 Qxe7 7. c3 c5 8. Bd3 cxd4 9. cxd4 Nc6 10. O-O Ncb4 11.
Bb1 Nf6 12. Nc4 d5 13. Nce5 Qc7 14. a3 Nc6 15. Bd3 Nxe5 16. Nxe5 Nd7 17. Nxd7 Bxd7 18. Rc1 Bc6 19. b4 Qd7 20. Qc2 g6 21. Qb3 Ba4 22.
Qb2 Bc6 23. b5 Bxb5 24. Qxb5 Qe7 25. Qb4 Qxb4 26. axb4 a6 27. Rc7 b5 28. Ra1 Rfc8 29.
Rxc8+ Rxc8 30. h3 Ra8 31. Bxb5 1-0